 Dungeon Crawl Stone Soup version 0.29.0-11-gd7f09526c8 (webtiles) character file.

Game seed: 18350712200372740059

11 NinjaNoafa the Nimble (level 2, 0/23 HPs)
             Began as a Gnoll Wanderer on Sept 5, 2022.
             Slain by a quokka (4 damage)
             ... on level 1 of the Dungeon.
             The game lasted 00:02:19 (149 turns).

NinjaNoafa the Nimble (Gnoll Wanderer)               Turns: 149, Time: 00:02:20

Health: 0/23       AC:  5    Str: 11    XL:     2   Next: 29%
Magic:  3/3        EV: 14    Int: 12    God:
Gold:   0          SH:  0    Dex: 10    Spells: 1/1 levels left

rFire   . . .      SeeInvis .   e - +0 whip
rCold   . . .      Faith    .   (no shield)
rNeg    . . .      Spirit   .   d - +2 leather armour
rPois   .          Reflect  .   (no helmet)
rElec   .          Harm     .   (no cloak)
rCorr   .          Rampage  .   (no gloves)
Will    .....                   (no boots)
Stlth   ++........              (no amulet)
HPRegen 0.07/turn               (no ring)
MPRegen 0.08/turn               (no ring)

@: no status effects
A: fangs 1, strong nose, distributed training
a: no special abilities


You were on level 1 of the Dungeon.
You visited 1 branch of the dungeon, and saw 1 of its levels.

Inventory:

Hand Weapons
 e - a +0 whip (weapon)
Armour
 d - a +2 leather armour (worn)
Scrolls
 a - a scroll of amnesia {unknown}
 c - a scroll of fog
Potions
 b - a potion of lignification


   Skills:
 + Level 2.5 Fighting
 + Level 0.4 Short Blades
 + Level 0.4 Long Blades
 + Level 0.4 Axes
 + Level 0.4 Maces & Flails
 + Level 0.4 Polearms
 + Level 0.4 Staves
 + Level 0.4 Ranged Weapons
 + Level 0.4 Throwing
 + Level 0.4 Armour
 + Level 10.4 Dodging
 + Level 4.1 Stealth
 + Level 0.4 Shields
 + Level 0.4 Unarmed Combat
 + Level 0.4 Spellcasting
 + Level 0.2 Conjurations
 + Level 0.2 Hexes
 + Level 0.2 Summonings
 + Level 0.2 Necromancy
 + Level 0.2 Translocations
 + Level 0.2 Transmutations
 + Level 0.2 Fire Magic
 + Level 0.2 Ice Magic
 + Level 0.2 Air Magic
 + Level 0.2 Earth Magic
 + Level 0.2 Poison Magic
 + Level 2.5 Invocations
 + Level 2.5 Evocations


You had one spell level left.
You didn't know any spells.
Your spell library was empty.

Dungeon Overview and Level Annotations

Branches:
Dungeon (1/15)

Altars:


Innate Abilities, Weirdness & Mutations

You have very sharp teeth.
Your uncanny sense of smell can sniff out nearby items.
Your experience applies equally to all skills.


Message History

A quokka is nearby!
Things that are here:
a +0 whip; a stone; a kobold corpse
There is an open door here.
Things that are here:
a +0 club; a ball python corpse
There is an escape hatch in the floor here.
The gnoll shouts!
There is an open door here.
Found a scroll labelled ACLOHA LIUF.
Found a kite shield.
Found 13 gold pieces.
You see here a scroll labelled ACLOHA LIUF.
a - a scroll labelled ACLOHA LIUF You barely miss the quokka.
You bite the quokka, but do no damage. The quokka bites you.
You closely miss the quokka. The quokka completely misses you.
You closely miss the quokka. The quokka bites you.
* * * LOW HITPOINT WARNING * * *
The quokka bites you but does no damage.
You barely miss the quokka. The quokka misses you.
You closely miss the quokka. The quokka closely misses you.
You hit the quokka.
The quokka is moderately wounded.
The quokka misses you.
The quokka bites you but does no damage.
You miss the quokka.
The quokka is moderately wounded.
The rat bites you but does no damage. The quokka closely misses you.
You barely miss the quokka. Your bite misses the quokka.
The quokka is moderately wounded.
The quokka barely misses you. The rat bites you but does no damage.
You closely miss the quokka.
The quokka is moderately wounded.
The quokka closely misses you. The rat bites you but does no damage.
The quokka bites you but does no damage.
You completely miss the quokka.
The quokka is moderately wounded.
The rat closely misses you. The quokka bites you.
You die...

$..... .#
#.........K......###.
....................
#........ ......#..###
#.......###..........
#.......#e#........###
#......#####...#r....#
......##...##.##@#
#...)')>.'r.##r##
#...##...##.....#
.....####.#####...#
#.##. #g#.#N# ###..# .
## ###.##### .....
#Z#...#^# .#....
#####.### ..##...
#Z#.#Z# #. #..


You could see a quokka and a rat.

Vanquished Creatures
  A dart slug (D:1)
  A ball python (D:1)
  2 endoplasms (D:1)
  2 hobgoblins (D:1)
  2 kobolds (D:1)
8 creatures vanquished.

Notes
Turn   | Place    | Note
-------+----------+-------------------------------------------
     0 | D:1      | Reached skill level 10 in Dodging
     0 | D:1      | NinjaNoafa the Gnoll Wanderer began the quest for the Orb.
     0 | D:1      | NinjaNoafa set off with the following items: a +0 club, 2
                  | potions of lignification, a scroll of fog, a +2 leather
                  | armour.
     0 | D:1      | Reached XP level 1. HP: 17/17 MP: 2/2
     1 | D:1      | Noticed a ghoul
     4 | D:1      | Noticed a ghoul
    11 | D:1      | Noticed an octopode
    13 | D:1      | Noticed a demonspawn zombie
    15 | D:1      | Noticed a naga
    50 | D:1      | Noticed an elf
    87 | D:1      | Reached XP level 2. HP: 7/23 MP: 3/3
   149 | D:1      | Slain by a quokka

Illustrated notes

Levels and vault maps discovered:
D:1:      shiori_arrival_whats_in_store_for_you, layout_rooms

Skill      XL: | |
---------------+-+-----
Dodging        | | 10.4
Fighting       | |  2.5
Short Blades   | |  0.4
Long Blades    | |  0.4
Axes           | |  0.4
Maces & Flails | |  0.4
Polearms       | |  0.4
Staves         | |  0.4
Ranged Weapons | |  0.4
Throwing       | |  0.4
Armour         | |  0.4
Stealth        | |  4.1
Shields        | |  0.4
Unarmed Combat | |  0.4
Spellcasting   | |  0.4
Conjurations   | |  0.2
Hexes          | |  0.2
Summonings     | |  0.2
Necromancy     | |  0.2
Translocations | |  0.2
Transmutations | |  0.2
Fire Magic     | |  0.2
Ice Magic      | |  0.2
Air Magic      | |  0.2
Earth Magic    | |  0.2
Poison Magic   | |  0.2
Invocations    | |  2.5
Evocations     | |  2.5

Action                   || total
-------------------------++-------
Melee: Whip              ||    37
       Bite              ||     1
  Use: Potion            ||     1
Armor: Skin              ||    13
       Leather armour    ||     9
Dodge: Dodged            ||    14
